 Dungeon Crawl Stone Soup version 0.32-a0-43-g058985b245 (webtiles) character file.

Game seed: 53901645013586637

366 ytrimaz the Chopper (level 7, -1/52 HPs)
             Began as a Formicid Fighter on Feb 5, 2024.
             Was an Initiate of Okawaru.
             Slain by an ogre
             ... wielding a +0 giant club
              (16 damage)
             ... on level 4 of the Dungeon.
             The game lasted 00:04:02 (3396 turns).

ytrimaz the Chopper (Formicid Fighter)              Turns: 3396, Time: 00:04:02

Health: -1/52      AC: 13    Str: 23    XL:     7   Next: 1%
Magic:  0/7        EV:  9    Int:  8    God:    Okawaru [......]
Gold:   150        SH:  0    Dex: 21    Spells: 6/6 levels left

rFire   + . .        a - +1 war axe
rCold   . . .        c - +0 buckler
rNeg    . . .        b - +0 scale mail
rPois   .            (helmet unavailable)
rElec   .            j - +2 cloak {Will+}
rCorr   .            k - +1 pair of gloves
SInv    +            p - +0 pair of boots
Will    +....        t - amulet "Plog" {Spirit Str+3} Stlth
                     m - +6 ring of dexterity
HPRegen 0.28/turn    g - ring of protection from fire
MPRegen 0.10/turn

%: guardian spirit
@: confused
A: permanent stasis, dig shafts and tunnels, antennae 3, four strong arms
a: Dig, Shaft Self, Renounce Religion


You were on level 4 of the Dungeon.
You worshipped Okawaru.
Okawaru was noncommittal.
You visited 2 branches of the dungeon, and saw 5 of its levels.

You collected 150 gold pieces.


Innate Abilities, Weirdness & Mutations

You cannot be hasted, slowed, berserked, paralysed or teleported.
You can dig through walls and to a lower floor.
You have a pair of large antennae on your head. (SInv)
Your four strong arms can wield two-handed weapons with a shield.


   Skills:
 - Level 3.2 Fighting
 + Level 6.9 Axes
 - Level 3.2 Armour
 - Level 4.0 Shields


You had 6 spell levels left.
You didn't know any spells.
Your spell library contained the following spells:

 Spells                   Type           Power      Damage    Failure   Level
 Summon Small Mammal      Summ           Unusable   N/A       N/A         1
 Call Canine Familiar     Summ           Unusable   N/A       N/A         3
 Summon Blazeheart Golem  Fire/Summ      Unusable   N/A       N/A         4

Inventory:

Hand Weapons
 a - a +1 war axe (weapon)
 q - a +1 hand cannon of freezing
   (You found it on level 2 of the Dungeon)
Armour
 b - a +0 scale mail (worn)
 c - a +0 buckler (worn)
 i - a +1 pair of gloves of infusion
   (You found it on level 1 of the Dungeon)
 j - a +2 cloak of willpower (worn)
   (You found it on level 1 of the Dungeon)
 k - a +1 pair of gloves (worn)
   (You found it on level 2 of the Dungeon)
 p - a +0 pair of boots (worn)
   (You found it on level 1 of the Dungeon)
Jewellery
 g - a ring of protection from fire (right hand)
   (You found it on level 2 of the Dungeon)
 m - a +6 ring of dexterity (left hand)
   (You found it on level 1 of the Dungeon)
 t - the amulet "Plog" (around neck) {Spirit Str+3}
   (You found it on level 4 of the Dungeon)

   [amulet of guardian spirit]

   Spirit:    It causes incoming damage to be divided between your reserves of
   health and magic.
   Str+3:     It affects your strength (+3).
Wands
 n - a wand of polymorph (8)
   (You found it on level 2 of the Dungeon)
 s - a wand of mindburst (17)
   (You found it on level 4 of the Dungeon)
Scrolls
 o - a scroll of fear
 r - 4 scrolls of poison
 u - a scroll of silence {unknown}
Potions
 d - a potion of might
 e - a potion of degeneration {unknown}
 f - 2 potions of curing {unknown}
 h - 3 potions of heal wounds {unknown}
 l - a potion of invisibility {unknown}

Dungeon Overview and Level Annotations

Branches:
Dungeon (4/15) Zot: 20654  Temple (1/1) D:4 Zot: 5908

Altars:
Ashenzari
Cheibriados
Dithmenos
Fedhas
Gozag
Kikubaaqudgha
Makhleb
Nemelex Xobeh
Okawaru
Qazlal
Sif Muna
Trog
Uskayaw
Vehumet
Xom
Yredelemnul
Zin
The Shining One

Shops:
D:4 [

Annotations:
D:3 1 runed translucent door, haplo13's ghost, amateur MiFi
D:4 Ijyb

##### #≈≈≈≈≈ #≈≈....
##≈≈..... ##########
##≈≈......
#........###≈≈.......
#........##≈≈@...≈≈≈≈
#.........#≈gO..≈♣♣♣♣
#........##≈....≈♣
#.........'.....≈♣
#####..#..'.....≈♣
#.....#≈....≈♣
##.#..#≈..$.≈♣
#.#..#≈≈....≈≈ #
#..<.##≈≈...... ##


You could see an ogre and Ijyb.


Message History

You slice the hobgoblin!!
You kill the hobgoblin!
Okawaru accepts your kill.
No target in view! 😎 MP[-1]
You lost 1 mp, and now have 6/7 mp.
No target in view!
Unknown command.
Found Iranatac's Armour Shoppe. 😎 MP[+1]
Your mp is fully restored (7).
Found a stone staircase leading down.
You open the door.
There is an open door here.
There is an entrance to Iranatac's Armour Shoppe here.
You start removing your armour.
You continue taking off your +1 pair of gloves of infusion. x4
You finish taking off your +1 pair of gloves of infusion.
You feel magic leave your hands.
You start putting on your armour.
You continue putting on your +1 pair of gloves. x5
You finish putting on your +1 pair of gloves.
There is an open door here.
There is a stone staircase leading down here.
r - 4 scrolls of poison (gained 1)
You now have 138 gold pieces (gained 7).
Found a stone staircase leading up.
You sense a monster nearby.
You open the door.
There is an open door here.
There is an entrance to Iranatac's Armour Shoppe here.
Okay, then.
There is an open door here.
u - a scroll labelled ZIUR FIAKAU Key pressed, stopping explore.
You see here a +0 falchion.
There is a stone staircase leading up here.
You now have 150 gold pieces (gained 12).
Key pressed, stopping explore.
You open the large door.
Ijyb the Twisted Goblin comes into view.
She is wielding a +0 club and carrying a wand of charming.
Ijyb shouts!
Unknown command.
An ogre comes into view. It is wielding a +0 giant club.
The ogre shouts!
There is a large open door here.
Ijyb zaps a wand.
You resist with almost no effort.
You hit Ijyb but do no damage.
Ijyb zaps a wand.
Your will is overpowered!
You are confused.
You're too confused to move!
Ijyb hits you but does no damage.
You hit Ijyb but do no damage. Ijyb barely misses you.
Ijyb zaps a wand.
Your will is overpowered!
You are more confused.
You're too confused to move!
Ijyb hits you but does no damage. The ogre attacks as it pursues you!
The ogre barely misses you. Ijyb barely misses you.
Unknown command.
You hit the ogre but do no damage. You hit Ijyb. The ogre barely misses you.
Ijyb hits you with a +0 club. 😕 HP[-1]
You take 1 damage, and now have 51/52 hp.
You slash the ogre! You hit Ijyb but do no damage.
Ijyb zaps a wand.
You resist with almost no effort.
The ogre hits you with a +0 giant club! 😮 HP[-12] MP[-1]
You take 12 damage, and now have 39/52 hp.
MASSIVE DAMAGE!! (PAUSE)
You lost 1 mp, and now have 6/7 mp.
Ijyb hits you with a +0 club. 😮 HP[-2]
You take 2 damage, and now have 37/52 hp.
You're too confused to move!
Ijyb barely misses you. 😮 HP[+1]
You nearly stumble into some deep water!
The ogre hits you with a +0 giant club!
Ijyb zaps a wand.
You resist with almost no effort. 😮 HP[-8] MP[-1]
You take 8 damage, and now have 30/52 hp.
You lost 1 mp, and now have 5/7 mp.
You slash the ogre! You slash Ijyb!
Ijyb zaps a wand.
You resist with almost no effort.
The ogre hits you with a +0 giant club!!
* * * LOW HITPOINT WARNING * * *
You hit the ogre. You miss Ijyb.
Ijyb hits you but does no damage. 😨 HP[-16] MP[-2]
You take 16 damage, and now have 14/52 hp.
MASSIVE DAMAGE!! (PAUSE)
You lost 2 mp, and now have 3/7 mp.
You barely miss Ijyb. You barely miss the ogre.
The ogre hits you with a +0 giant club!!
You die...

Skill      XL: |  1  2  3  4  5  6 |
---------------+-------------------+-----
Axes           | 3 4 5 6 |  6.9
Fighting       | |  3.2
Armour         | |  3.2
Shields        | |  4.0

Action                     |  1- 3 |  4- 6 |  7- 9 || total
---------------------------+-------+-------+-------++-------
  Melee: War axe           |    56 |    63 |     8 ||   127
   Fire: Hand cannon       |     2 |       |       ||     2
    Use: Scroll            |     5 |     3 |       ||     8
         Potion            |     1 |       |       ||     1
 Armour: Scale mail        |    27 |    47 |    10 ||    84
  Dodge: Dodged            |    28 |    22 |     5 ||    55
  Block: Buckler           |    20 |    15 |       ||    35

Levels and vault maps discovered:
D:1:      ldierk_walled_garden, layout_rooms, chequers_ecumenical_altar_simple
D:2:      layout_basic, minmay_unequal
D:3:      layout_basic, lemuel_crystal_altar, nicolae_overflow_two_pavilions,
          ebering_ghost_inner_flame, roderic_serpentine_path
D:4:      layout_rooms, minmay_temple_entry_grid, serial_shops,
          nicolae_shop_hallway_plus, serial_park_tiny_1,
          kennysheep_big_empty_room, kennysheep_generic_room_3, uniq_sigmund,
          uniq_ijyb, uniq_crazy_yiuf_cottage
Temple:   nicolae_temple_superstar

Notes
Turn   | Place    | Note
-------+----------+-------------------------------------------
     0 | D:1      | ytrimaz the Formicid Fighter began the quest for the Orb.
     0 | D:1      | Reached XP level 1. HP: 18/18 MP: 1/1
     0 | D:1      | magus.rc [v1.9.6]
   276 | D:1      | Reached XP level 2. HP: 24/24 MP: 0/2
   412 | D:1      | Found a faded altar of an unknown god.
   841 | D:2      | Reached skill level 3 in Axes
  1171 | D:2      | You pick up a book of Callings and begin reading...
  1171 | D:2      | You add the spells Summon Small Mammal, Call Canine
                  | Familiar and Summon Blazeheart Golem to your library.
  1180 | D:2      | Reached XP level 3. HP: 29/29 MP: 3/3
  1683 | D:3      | Found a runed translucent door.
  1684 | D:3      | Noticed haplo13's ghost (amateur MiFi)
  1684 | D:3      | Noticed a scorpion
  1735 | D:3      | Reached skill level 4 in Axes
  1735 | D:3      | Reached XP level 4. HP: 25/35 MP: 0/4
  1741 | D:3      | HP: 8/35 [gnoll bouda/+0 club (5)]
  1743 | D:3      | Reached XP level 5. HP: 5/41 MP: 0/5
  1746 | D:3      | Reached skill level 5 in Axes
  2419 | D:3      | Found a shimmering altar of Xom.
  2691 | D:3      | Found a stormy altar of Qazlal.
  2691 | D:3      | Found a glowing silver altar of Zin.
  2952 | D:4      | Found a staircase to the Ecumenical Temple.
  2965 | D:4      | Reached XP level 6. HP: 47/47 MP: 1/6
  2974 | Temple   | Entered the Ecumenical Temple
  3039 | Temple   | Became a worshipper of Warmaster Okawaru
  3088 | D:4      | Noticed Sigmund
  3103 | D:4      | Killed Sigmund
  3104 | D:4      | Reached skill level 6 in Axes
  3104 | D:4      | Reached XP level 7. HP: 49/52 MP: 2/7
  3106 | D:4      | Identified the amulet "Plog" {Spirit Str+3}
  3212 | D:4      | Found Iranatac's Armour Shoppe.
  3380 | D:4      | Noticed Ijyb
  3396 | D:4      | Slain by an ogre

Vanquished Creatures
  Sigmund (D:4)
  An orc priest (D:3)
  A gnoll bouda (D:3)
  An iguana (D:4)
  An adder (D:3)
  5 gnolls (D:3)
  3 dart slugs
  3 ribbon worms (D:2)
  4 orcs (D:3)
  5 ball pythons
  2 endoplasms (D:3)
  4 giant cockroaches
  7 goblins
  3 hobgoblins
  5 kobolds
  A quokka (D:3)
  5 bats
  A frilled lizard (D:2)
  A rat (D:1)
54 creatures vanquished.

Table legend:
 A = Non-vault XP
 B = Vault XP
 C = Vault XP percentage of total XP
 D = Non-vault monster count
 E = Vault monster count
 F = Vault count percentage of total count
                 A         B        C        D         E       F
            +---------+---------+-------+---------+---------+-------
      Total |     289 |     235 |  44.8 |      49 |       5 |   9.3
            +---------+---------+-------+---------+---------+-------
        D:1 |      14 |       0 |   0.0 |       7 |       0 |   0.0
        D:2 |      30 |       9 |  23.1 |      14 |       4 |  22.2
        D:3 |     204 |       0 |   0.0 |      25 |       0 |   0.0
        D:4 |      41 |     226 |  84.6 |       3 |       1 |  25.0
            +---------+---------+-------+---------+---------+-------

Skill      XL: |  1  2  3  4  5  6 |
---------------+-------------------+-----
Axes           | 3 4 5 6 |  6.9
Fighting       | |  3.2
Armour         | |  3.2
Shields        | |  4.0

Action                     |  1- 3 |  4- 6 |  7- 9 || total
---------------------------+-------+-------+-------++-------
  Melee: War axe           |    56 |    63 |     8 ||   127
   Fire: Hand cannon       |     2 |       |       ||     2
    Use: Scroll            |     5 |     3 |       ||     8
         Potion            |     1 |       |       ||     1
 Armour: Scale mail        |    27 |    47 |    10 ||    84
  Dodge: Dodged            |    28 |    22 |     5 ||    55
  Block: Buckler           |    20 |    15 |       ||    35

Illustrated notes

Table legend:
 A = Kills in this place as a percentage of kills in the entire game.
 B = Kills by you in this place as a percentage of kills by you in the entire game.
 C = Kills by friends in this place as a percentage of kills by friends in the entire game.
 D = Other kills in this place as a percentage of other kills in the entire game.
 E = Experience gained in this place as a percentage of experience gained in the entire game.
 F = Experience gained in this place divided by the number of levels of this place that you have seen.
                   A       B       C       D       E      F
               +-------+-------+-------+-------+-------+----------------------
         Total | 100.0 | 100.0 |   N/A |   N/A | 100.0 | 104.8
       Dungeon | 100.0 | 100.0 |   N/A |   N/A | 100.0 | 131.0
               +-------+-------+-------+-------+-------+----------------------

Table legend: (Time is in decaauts)
 A = Elapsed time spent in this place.
 B = Non-inter-level travel time spent in this place.
 C = Inter-level travel time spent in this place.
 D = Time resting spent in this place.
 E = Time spent auto-exploring this place.
 F = Levels seen in this place.
 G = Mean time per level.
                   A        B        C        D        E       F      G
               +--------+--------+--------+--------+--------+-----+--------+
         Total |   3436 |   3306 |    130 |      0 |   2738 |   5 |  687.2 |
       Dungeon |   3344 |   3264 |     80 |      0 |   2699 |   4 |  836.0 |
        Temple |     91 |     41 |     50 |      0 |     39 |   1 |   91.0 |
               +--------+--------+--------+--------+--------+-----+--------+

Top non-repeatable levels by time:
     D:3: 1312 daAuts
     D:2: 988 daAuts
     D:1: 685 daAuts
     D:4: 358 daAuts
  Temple: 91 daAuts
